AoeStats
← SnobbishPine893

Arabia

507187314Analyzed
3v3 RM · 16d ago on Sep 17, 2026· 58m 10s· 6 players
Game mode
Random Map
Map size
Normal (6 player)
Population
200
Speed
Normal
Resources
Standard
Victory
Conquest
Starting age
Dark Age
Ending age
Imperial Age
RankedLock teamsTeams togetherTeam positionsShared explorationLock speedFull tech treeHidden civsTurbo modeCheats
Victory
Defeat
🇧🇷 Saracens · Brazil
1305
+12
🇧🇷 Mongols · Brazil
1273
+14
🇧🇷 Shu · Brazil
1182
+18
🇺🇸 Vietnamese · United States
1253
-16
🇨🇳 Mapuche · China
1222
-15
🇲🇽 Aztecs · Mexico
1178
-13
绵绵
8:32 Loom
11:26 Feudal Age
13:54 Double-Bit Axe
16:40 Castle Age
15:12 Horse Collar
16:15 Fletching
16:54 Padded Archer Armor
17:28 Bodkin Arrow
26:12 Town Watch
30:19 Wheelbarrow
31:23 Bow Saw
33:43 Leather Archer Armor
ic.adelira
8:02 Loom
10:25 Feudal Age
11:14 Man-at-Arms
14:07 Gold Mining
14:02 Horse Collar
17:12 Double-Bit Axe
18:43 Fletching
23:38 Castle Age
22:39 Padded Archer Armor
23:52 Stone Mining
23:44 Elite Skirmisher
24:21 Bodkin Arrow
26:50 Bow Saw
31:44 Crossbowman
35:00 Leather Archer Armor
38:36 Imperial Age
37:40 Heavy Plow
39:23 Wheelbarrow
38:55 Pikeman
39:35 Squires
41:24 Hand Cart
40:53 Arbalester
42:10 Crop Rotation
42:33 Conscription
43:20 Bracer
45:54 Chemistry
45:48 Ballistics
47:32 Gold Shaft Mining
52:37 Imperial Skirmisher
SnobbishPine893
6:06 Loom
6:33 Loom
9:48 Feudal Age
10:14 Double-Bit Axe
10:17 Town Watch
27:23 Fletching
27:52 Padded Archer Armor
40:06 Castle Age
38:15 Horse Collar
40:38 Wheelbarrow
41:10 Bow Saw
41:19 Bodkin Arrow
43:57 Leather Archer Armor
TROVÃO DO OESTE
7:16 Loom
9:42 Feudal Age
10:14 Double-Bit Axe
23:28 Castle Age
23:26 Padded Archer Armor
23:19 Fletching
23:29 Padded Archer Armor
23:24 Gold Mining
23:25 Stone Mining
23:18 Horse Collar
24:48 Wheelbarrow
24:17 Bodkin Arrow
23:44 Crossbowman
25:44 Bow Saw
26:14 Gold Shaft Mining
26:07 Leather Archer Armor
35:36 Hand Cart
37:09 Thumb Ring
38:55 Ballistics
42:34 Imperial Age
40:13 Heavy Plow
41:06 Bloodlines
40:49 Light Cavalry
42:27 Forging
42:22 Scale Barding Armor
42:36 Masonry
41:52 Light Cavalry
43:28 Arbalester
43:42 Hussar
44:56 Chain Barding Armor
45:11 Iron Casting
45:54 Chemistry
45:15 Bracer
45:46 Ring Archer Armor
45:59 Husbandry
46:04 Town Watch
50:07 Two-Man Saw
50:14 Heavy Camel Rider
51:34 Town Patrol
55:16 Blast Furnace
54:51 Plate Barding Armor
54:17 Scale Mail Armor
54:25 Siege Engineers
54:12 Guard Tower
54:33 Fortified Wall
54:20 Murder Holes
54:05 Treadmill Crane
54:11 Treadmill Crane
54:27 Murder Holes
54:23 Guard Tower
54:44 Fortified Wall
53:56 Man-at-Arms
54:22 Gambesons
54:38 Squires
53:59 Pikeman
54:02 Elite Skirmisher
55:12 Parthian Tactics
55:04 Redemption
55:14 Sanctity
54:55 Devotion
55:33 Capped Ram
58:49 Caravan
Pikachu Pay
6:35 Loom
9:40 Feudal Age
10:31 Double-Bit Axe
15:45 Fletching
20:43 Padded Archer Armor
22:22 Gold Mining
24:27 Wheelbarrow
27:26 Castle Age
27:27 Crossbowman
28:13 Thumb Ring
28:05 Bodkin Arrow
29:20 Leather Archer Armor
29:41 Stone Mining
32:22 Gold Shaft Mining
36:04 Hand Cart
37:24 Bow Saw
38:40 Town Watch
42:42 Imperial Age
40:22 Town Patrol
40:48 Ballistics
44:30 Chemistry
42:52 Arbalester
43:34 Bracer
44:04 Ring Archer Armor
44:53 Two-Man Saw
45:19 Bolt Magazine
47:21 Conscription
49:41 Siege Engineers
Mayckon8020
7:50 Loom
10:00 Feudal Age
14:55 Castle Age
13:16 Double-Bit Axe
20:50 Husbandry
24:50 Scale Barding Armor
24:58 Forging
25:52 Bloodlines
26:47 Chain Barding Armor
28:40 Iron Casting
49:47 Imperial Age
49:49 Light Cavalry
50:43 Hussar
55:33 Spies/Treason
Connection lost

Rejoining the realm…

Still unreachable

The connection could not be restored.

Session expired

The server has moved on; the page needs a fresh start.